 Dungeon Sprint DCSS version 0.21.0-25-ge575cb9 (webtiles) character file.

90 doot the Covert (level 4, -7/21 HPs)
             Began as a Spriggan Enchanter on Jan 26, 2018.
             Was a Follower of Lugonu.
             Splashed by an oklob sapling's acid (10 damage)
             ... in the Dungeon (Sprint IV: "Fedhas' Mad Dash").
             The game lasted 00:01:46 (84 turns).

doot the Covert (Spriggan Enchanter)                  Turns: 84, Time: 00:01:48

Health: -7/21      AC: -2    Str:  4    XL:     4   Next: 32%
Magic:  7/11       EV: 20    Int: 16    God:    Lugonu [*.....]
Gold:   42         SH:  0    Dex: 17    Spells: 9/12 levels left

rFire    . . .     SeeInvis +   a - +1 dagger
rCold    . . .     Gourm    .   (shield restricted)
rNeg     . . .     Faith    .   b - +0 robe
rPois    .         Spirit   .   (helmet restricted)
rElec    .         Reflect  .   (no cloak)
rCorr    .         Harm     .   (gloves unavailable)
MR       .....     NoTele   +   (boots unavailable)
Stlth    ++........             k - amulet of invisibility {+Inv}
HPRegen  0.07/turn              (no ring)
MPRegen  0.12/turn              (no ring)

@: corroded, contaminated, glowing, invisible (but backlit and visible), very
quick
A: very small, unfitting armour, see invisible, herbivore, speed 3, slow
metabolism 2
a: Renounce Religion


You were in the Dungeon.
You worshipped Lugonu.
Lugonu was aware of your devotion.
You were not hungry.

You visited 1 branch You collected 42 gold pieces.

Inventory:

Hand Weapons
 a - a +1 dagger (weapon)
Armour
 b - a +0 robe (worn)
Jewellery
 k - the amulet of invisibility (around neck) {+Inv}
   (You found it in the Dungeon)

   [amulet of nothing]

   It lets you turn invisible.
Scrolls
 j - a scroll of blinking
 l - 2 scrolls of identify {unknown}
Potions
 e - a potion of curing
 f - a potion of heal wounds
 g - a potion of haste
 h - 2 potions of magic
 i - a potion of berserk rage
Books
 c - a book of Maledictions

   Spells                             Type                      Level
   a - Corona                         Hexes                        1
   b - Ensorcelled Hibernation        Hexes/Ice                    2
   c - Confuse                        Hexes                        3
   d - Tukima's Dance                 Hexes                        3
   e - Dazzling Spray                 Conjuration/Hexes            3
Comestibles
 d - a ration


   Skills:
 + Level 1.6 Short Blades
 + Level 4.6 Dodging
 + Level 9.2 Stealth
 + Level 4.6 Spellcasting
 + Level 7.2 Hexes
 * Level 1.2 Evocations


You had 9 spell levels left.
You knew the following spells:

 Your Spells              Type           Power        Failure   Level  Hunger
a - Corona                Hex            ####...      1%          1    None
b - Ensorcelled Hibernat  Hex/Ice        ###...       5%          2    ##.....


Dungeon Overview and Level Annotations

Branches:
Dungeon (1/1)

Altars:
Cheibriados
Dithmenos
Elyvilon
Gozag
Hepliaklqana
Kikubaaqudgha
Makhleb
Nemelex Xobeh
Okawaru
Qazlal
Ru
Sif Muna
Trog
Uskayaw
Vehumet
Wu Jian
Xom
Yredelemnul
Zin
The Shining One
Beogh
Jiyva
Lugonu

Annotations:
D exclusion: oklob sapling


Innate Abilities, Weirdness & Mutations

You are very small and have problems with some larger weapons.
You are too small for most types of armour.
You have supernaturally acute eyesight. (SInv)
You are a herbivore.
You cover ground extremely quickly.
You need consume almost no food.


Message History

There is a hazy altar of Hepliaklqana here.
There is an opulent altar of Gozag here.
You flicker back into view.
There is an open door here.
You fail to use your ability.
You fade into invisibility!
You are contaminated with residual magic.
You feel quite a bit more hungry.
Really walk into a travel-excluded area?
You see here 7 gold pieces.
Cast which spell? (? or * to list)
You can't see any susceptible monsters within range! (Use Z to cast anyway.) Memorise Confuse, consuming 3 spell levels and leaving 6?
You start memorising the spell.
You continue memorising.
The oklob sapling spits acid at you.
Your memorisation is interrupted.
The splash of acid hits you!
Ouch! That really hurt!
* * * LOW HITPOINT WARNING * * *
The acid corrodes you!
You are splashed with acid!
The acid burns!
You die...

##############################
#<..P#....†#.@...#.⌠._._._._.⌠
#PP..'.....'.#...'.._._._._._.
#PPPP#...†.#P#†..#..._._._._..
###############+##.._._._._._.
#._._._._._.⌠ #############


You could see an oklob sapling.

Vanquished Creatures
  An oklob sapling (D)
  A worker ant (D)
  A river rat (D)
  A rat (D)
4 creatures vanquished.

Notes
Turn   | Place    | Note
-------+----------+-------------------------------------------
     0 | D        | doot the Spriggan Enchanter began the quest for the Orb.
     0 | D        | Reached XP level 1. HP: 9/9 MP: 5/5
     8 | D        | Reached skill level 5 in Stealth
     8 | D        | Reached XP level 2. HP: 13/13 MP: 7/7
    10 | D        | Reached skill level 6 in Stealth
    21 | D        | Learned a level 2 spell: Ensorcelled Hibernation
    22 | D        | Noticed an oklob sapling
    25 | D        | Found the amulet of invisibility {+Inv}
    26 | D        | Reached skill level 7 in Stealth
    26 | D        | Reached skill level 5 in Hexes
    26 | D        | Reached XP level 3. HP: 16/16 MP: 9/9
    46 | D        | Found an opulent altar of Gozag.
    46 | D        | Found a hazy altar of Hepliaklqana.
    46 | D        | Found a roughly hewn altar of Beogh.
    46 | D        | Found a snail-covered altar of Cheibriados.
    47 | D        | Found a viscous altar of Jiyva.
    47 | D        | Found a burning altar of Makhleb.
    47 | D        | Found a sparkling altar of Nemelex Xobeh.
    47 | D        | Found a sacrificial altar of Ru.
    47 | D        | Found a deep blue altar of Sif Muna.
    47 | D        | Found a bloodstained altar of Trog.
    47 | D        | Found an ornate altar of the Wu Jian Council.
    47 | D        | Found a shimmering altar of Xom.
    47 | D        | Found a basalt altar of Yredelemnul.
    47 | D        | Noticed an oklob sapling priest
    53 | D        | Found an iron altar of Okawaru.
    53 | D        | Found a glowing silver altar of Zin.
    53 | D        | Found a shadowy altar of Dithmenos.
    54 | D        | Found a hide-covered altar of Uskayaw.
    54 | D        | Found an ancient bone altar of Kikubaaqudgha.
    55 | D        | Found a glowing golden altar of the Shining One.
    55 | D        | Found a stormy altar of Qazlal.
    55 | D        | Found a white marble altar of Elyvilon.
    56 | D        | Found a radiant altar of Vehumet.
    56 | D        | Found a corrupted altar of Lugonu.
    59 | D        | Killed an oklob sapling priest
    59 | D        | Reached skill level 9 in Stealth
    59 | D        | Reached skill level 1 in Evocations
    59 | D        | Reached XP level 4. HP: 21/21 MP: 7/11
    65 | D        | Became a worshipper of Lugonu the Unformed
    65 | D        | Reached * piety under Lugonu
    84 | D        | Splashed by an oklob sapling's acid

Skill      XL: |  1  2  3 |
---------------+----------+-----
Stealth        | 5 7 9 |  9.2
Spellcasting   | 3 4 |  4.6
Hexes          | 4 5 7 |  7.2
Dodging        | 4 |  4.6
Evocations     | 1 |  1.2
Short Blades   | |  1.6

Action                   |  1- 3 |  4- 6 || total
-------------------------+-------+-------++-------
Melee: Dagger            |     4 |       ||     4
 Abil: Evoke Invisibilit |     1 |     1 ||     2
 Stab: Sleeping          |     4 |       ||     4
Dodge: Dodged            |     1 |       ||     1
